 Dungeon Crawl Stone Soup version 0.31.0-12-g77e489cdc1 (webtiles) character file.

Game seed: 7414302143527666947

593 Arctor the Magician (level 7, 0/36 HPs)
             Began as a Deep Elf Fire Elementalist on Feb 22, 2024.
             Incinerated by a bombardier beetle (3 damage)
             ... with a burning spray
             ... on level 4 of the Dungeon.
             The game lasted 00:04:07 (5116 turns).

Arctor the Magician (Deep Elf Fire Elementalist)    Turns: 5116, Time: 00:04:07

Health: 0/36       AC:  3    Str:  3 (5)  XL:     7   Next: 16%
Magic:  19/26      EV: 13    Int: 21 (22) God:
Gold:   196        SH:  0    Dex:  9 (12) Spells: 13/16 levels left

rFire   . . .        i - staff of cold
rCold   + + .        (no shield)
rNeg    + . .        s - +0 robe "Anuagi Inwy" {Rampage rN+ MP+9 Dex-3}
rPois   .            u - +0 hat
rElec   .            (no cloak)
rCorr   .            v - +0 pair of gloves
SInv    .            (no boots)
Will    .....        t - amulet of faith
Stlth   +            r - ring of protection from cold
HPRegen 0.26/turn    (no ring)
MPRegen 0.20/turn

%: rampage, faith
@: on fire, glowing
A: no striking features
a: no special abilities


You were on level 4 of the Dungeon.
You visited 1 branch of the dungeon, and saw 5 of its levels.

You collected 196 gold pieces.

Inventory:

Armour
 a - a +0 robe
 s - the +0 robe "Anuagi Inwy" (worn) {Rampage rN+ MP+9 Dex-3}
   (You found it on level 3 of the Dungeon)

   Dex-3:     It affects your dexterity (-3).
   rN+:       It protects you from negative energy.
   MP+9:      It affects your magic capacity (+9).
   Rampage:   It bestows one free step when moving towards enemies.
 u - a +0 hat (worn)
 v - a +0 pair of gloves (worn)
Magical Staves
 i - a staff of cold (weapon)
Jewellery
 r - a ring of protection from cold (left hand)
 t - an amulet of faith (around neck)
 w - a ring of willpower
Scrolls
 c - a scroll of poison
 d - a scroll of blinking
 e - 3 scrolls of amnesia {unknown}
 h - 2 scrolls of teleportation
 o - a scroll of revelation {unknown}
 p - 2 scrolls of immolation {unknown}
 q - a scroll of vulnerability {unknown}
Potions
 b - a potion of magic
 f - 2 potions of degeneration
 g - a potion of ambrosia {unknown}
 j - 2 potions of might {unknown}
 k - 3 potions of curing {unknown}
 l - a potion of berserk rage {unknown}
 m - 2 potions of lignification {unknown}
 n - 2 potions of brilliance {unknown}


   Skills:
 + Level 4.6 Dodging
 + Level 5.0 Stealth
 + Level 5.4 Spellcasting
 + Level 3.8 Conjurations
 + Level 4.9 Fire Magic


You had 13 spell levels left.
You knew the following spells:

 Your Spells              Type           Power      Damage    Failure   Level
a - Foxfire               Conj/Fire      96%        2x1d8     1%          1
b - Scorch                Fire           52%        2d7       1%          2

Your spell library contained the following spells:

 Spells                   Type           Power      Damage    Failure   Level
 Inner Flame              Hex/Fire       16%        N/A       11%         3
 Volatile Blastmotes      Fire/Tloc      32%        2d12      11%         3
 Dazzling Flash           Conj/Hex       26%        N/A       14%         3
 Flame Wave               Conj/Fire      24%        2d8       17%         4
 Mephitic Cloud           Conj/Alch/Air  11%        N/A       19%         3
 Curse of Agony           Necr           5%         N/A       96%         5
 Silence                  Hex/Air        2%         N/A       96%         5


Dungeon Overview and Level Annotations

Branches:
Dungeon (5/15)
 Temple: D:4-7

Altars:

Shops:
D:1 ?   D:3 (


Message History

An orc wizard comes into view. It is wielding a +0 dagger.
Your Stealth skill increases to level 5!
You conjure some foxfire!
The liquid fire burns you!
The orc wizard points at you and mumbles some strange words.
An ogre comes into view. It is wielding a +0 giant club.
You conjure some foxfire!
The liquid fire burns you!
The foxfire hits the jackal!
You kill the jackal!
The foxfire hits the jackal.
The jackal is almost dead.
You conjure some foxfire!
The liquid fire burns you!
The foxfire hits the jackal.
You kill the jackal!
An orc comes into view. It is wielding a +0 club.
An orc comes into view. It is wielding a +0 flail.
The liquid fire burns you!
The foxfire hits the ogre!
The ogre is moderately wounded.
The foxfire hits the orc wizard.
The orc wizard is lightly wounded.
The foxfire hits the orc wizard.
The orc wizard is moderately wounded.
You shake off some of the fire as you move.
You climb upwards.
Reactivating autopickup.
The liquid fire burns you!
* * * LOW HITPOINT WARNING * * *
There is a stone staircase leading down here.
You are too injured to fight recklessly!
Casting: Foxfire (safe; 1% risk of failure)
Confirm with . or Enter, or press ? or * to list all spells.
You conjure some foxfire!
The liquid fire burns you!
* * * LOW HITPOINT WARNING * * *
It was a potion of degeneration.
There was something very wrong with that liquid.
You feel weakened.
You feel dopey.
You feel clumsy. The liquid fire burns you!
You die...

#.# ##.# #####################
...# #...................# ...#
#.#################.# #### #.#
#.# # #.### #.# # #.#.#
##########.########
######.#.######v.................
...............v@........######.#
######.#.#.####..######.......#.#
.........#.##...........#####.#.#
######.###.###...############.#.#
.[...#.#........................#
.....#.#.#.####...###########.###
.....#.#....#.........# #.#
#'#..#.#.........)###.# #.#
..#...............###.# #.#


There were no monsters in sight!

Vanquished Creatures
  Eustachio (D:4)
  An ogre (D:4)
  A phantom (D:4)
  An orc priest (D:4)
  A bombardier beetle (D:5)
  An iguana (D:4)
  A sleepcap (D:4)
  Jessica (D:3)
  7 gnolls
  3 adders
  2 ribbon worms
  2 orcs (D:4)
  4 ball pythons
  9 bats
  4 endoplasms
  A giant cockroach (D:1)
  2 goblins
  6 hobgoblins
  9 jackals
  A quokka (D:4)
  3 frilled lizards
  A kobold (D:1)
  4 rats
66 creatures vanquished.

Vanquished Creatures (others)
  421 foxfires
421 creatures vanquished.

Grand Total: 487 creatures vanquished

Notes
Turn   | Place    | Note
-------+----------+-------------------------------------------
     0 | D:1      | Arctor the Deep Elf Fire Elementalist began the quest for
                  | the Orb.
     0 | D:1      | Reached XP level 1. HP: 10/10 MP: 6/6
   480 | D:1      | Reached XP level 2. HP: 15/15 MP: 5/8
   581 | D:1      | Found Paerecemm's Magic Scroll Shoppe.
  1354 | D:2      | Reached XP level 3. HP: 19/19 MP: 3/9
  1573 | D:2      | Learned a level 2 spell: Scorch
  2154 | D:2      | Reached XP level 4. HP: 24/24 MP: 8/11
  2696 | D:3      | Found a faded altar of an unknown god.
  2820 | D:3      | Found Wesayll's Weapon Boutique.
  2963 | D:3      | Noticed Jessica
  2969 | D:3      | Killed Jessica
  3229 | D:3      | Identified the +0 robe "Anuagi Inwy" {Rampage rN+ MP+9
                  | Dex-3}
  3364 | D:3      | Reached XP level 5. HP: 28/28 MP: 0/13
  4258 | D:4      | Noticed an ogre
  4269 | D:4      | Killed an ogre
  4270 | D:4      | Reached XP level 6. HP: 32/32 MP: 14/15
  4497 | D:4      | Reached skill level 5 in Spellcasting
  4646 | D:4      | Noticed Eustachio
  4650 | D:4      | Killed Eustachio
  4651 | D:4      | Reached XP level 7. HP: 36/36 MP: 17/17
  5105 | D:5      | Entered Level 5 of the Dungeon
  5110 | D:5      | Reached skill level 5 in Stealth
  5116 | D:4      | Incinerated by a bombardier beetle

Illustrated notes

Levels and vault maps discovered:
D:1:      nicolae_arrival_somewhat_less_tricky_arrival, layout_loops_cross,
          serial_shops, shop, kennysheep_nondescript
D:2:      layout_basic
D:3:      layout_basic, serial_shops, shop, shapermc_ecumenical_altar_petra,
          nicolae_twisty_statue_hallways, uniq_jessica
D:4:      layout_basic, uniq_eustachio
D:5:      layout_loops_ring, mainiacjoe_overflow_boulevard,
          mainiacjoe_overflow_chevrons,
          nicolae_gozag_cash_rules_everything_around_me, old_standard_altar,
          chequers_avenue, minmay_misc_feat_rows

Skill      XL: |  1  2  3  4  5  6  7 |
---------------+----------------------+-----
Stealth        | 3 4 5 |  5.0
Dodging        | 3 4 |  4.6
Conjurations   | 2 3 |  3.8
Spellcasting   | 4 5 |  5.4
Fire Magic     | 4 |  4.9

Action                     |  1- 3 |  4- 6 |  7- 9 || total
---------------------------+-------+-------+-------++-------
  Melee: Unarmed           |     1 |       |       ||     1
   Cast: Foxfire           |   107 |   133 |    16 ||   256
         Scorch            |     3 |    15 |     1 ||    19
    Use: Scroll            |       |     4 |       ||     4
         Potion            |       |       |     1 ||     1
 Armour: Robe              |     2 |     5 |       ||     7
  Dodge: Dodged            |     6 |     7 |       ||    13
